 Dungeon Crawl Stone Soup version 0.25-a0-346-g140ab784a8 (webtiles) character file.

Game seed: 4729806093907975477, levelgen mode: deterministic

2896 AIAndy the Grappler (level 9, -2/68 HPs)
             Began as a Gnoll Wanderer on Jan 1, 2020.
             Was a Believer of Dithmenos.
             Slain by an orc warrior
             ... wielding a +0 halberd
              (23 damage)
             ... on level 8 of the Dungeon.
             The game lasted 00:34:00 (7271 turns).

AIAndy the Grappler (Gnoll Wanderer)                Turns: 7271, Time: 00:34:01

Health: -2/68      AC: 10    Str: 29    XL:     9   Next: 77%
Magic:  14/15      EV: 13    Int: 15    God:    Dithmenos [**....]
Gold:   229        SH:  0    Dex: 12    Spells: 17/17 levels left

rFire    . . .     SeeInvis .     - Unarmed
rCold    . . .     Gourm    .   (no shield)
rNeg     . . .     Faith    .   G - +1 ring mail of Okkurit {*Corrode Str+8 Int-3}
rPois    .         Spirit   .   p - +0 helmet
rElec    .         Reflect  .   (no cloak)
rCorr    +         Harm     .   D - +0 pair of gloves
MR       .....                  (no boots)
Stlth    +++.......             B - amulet of rage
HPRegen  0.21/turn              S - +4 ring of strength
MPRegen  0.14/turn              R - ring of resist corrosion

@: lethally poisoned (-2 -> -23), wreathed by umbra
A: distributed training, fangs 1, strong nose
a: Shadow Step, Renounce Religion, Evoke Berserk Rage


You were on level 8 of the Dungeon.
You worshipped Dithmenos.
Dithmenos was pleased with you.
You were not hungry.

You visited 1 branch of the dungeon, and saw 8 of its levels.

You collected 535 gold pieces.
You spent 306 gold pieces at shops.


Innate Abilities, Weirdness & Mutations

Your experience applies equally to all skills.
You have very sharp teeth.
Your uncanny sense of smell can sniff out nearby items.


   Skills:
 + Level 5.2 Fighting
 + Level 4.5 Short Blades
 + Level 4.5 Long Blades
 + Level 4.5 Axes
 + Level 4.5 Maces & Flails
 + Level 4.5 Polearms
 + Level 4.5 Staves
 + Level 4.5 Slings
 + Level 4.5 Bows
 + Level 4.5 Crossbows
 + Level 4.5 Throwing
 + Level 6.5 Armour
 + Level 4.5 Dodging
 + Level 6.2 Stealth
 + Level 5.2 Shields
 + Level 9.6 Unarmed Combat
 + Level 4.5 Spellcasting
 + Level 3.7 Conjurations
 + Level 3.7 Hexes
 + Level 3.7 Charms
 + Level 3.7 Summonings
 + Level 3.7 Necromancy
 + Level 3.7 Translocations
 + Level 3.7 Transmutations
 + Level 3.7 Fire Magic
 + Level 3.7 Ice Magic
 + Level 3.7 Air Magic
 + Level 3.7 Earth Magic
 + Level 3.7 Poison Magic
 + Level 4.9 Invocations
 + Level 4.5 Evocations


You had 17 spell levels left.
You didn't know any spells.
Your spell library was empty.

Inventory:

Hand Weapons
 a - a +3 mace of draining
 v - a +1 dagger of speed
Missiles
 s - 165 stones (quivered)
Armour
 b - a +2 scale mail
 p - a +0 helmet (worn)
 D - a +0 pair of gloves (worn)
 G - the +1 ring mail of Okkurit (worn) {*Corrode Str+8 Int-3}
   (You bought it in a shop on level 7 of the Dungeon)

   It affects your strength (+8).
   It affects your intelligence (-3).
   It may corrode you when you take damage.
Magical Staves
 E - an uncursed staff of power {!a}
Jewellery
 w - an uncursed ring of magical power
 B - an amulet of rage (around neck)
 C - an uncursed ring of ice
 P - an uncursed ring of poison resistance
 R - a ring of resist corrosion (right hand)
 S - a +4 ring of strength (left hand)
 W - an uncursed ring of magical power
Wands
 q - a wand of random effects (26)
 y - a wand of digging (6)
Scrolls
 d - a scroll of holy word {unknown}
 j - a scroll of fear
 k - 5 scrolls of teleportation {@r4}
 l - 7 scrolls of remove curse {@r2}
 m - 2 scrolls of blinking
 n - a scroll of noise {unknown}
 o - a scroll of identify {@r1}
 t - a scroll of immolation {unknown}
 u - a scroll of enchant armour {unknown}
 F - a scroll of amnesia {unknown}
Potions
 c - 7 potions of curing {@q1}
 e - 2 potions of heal wounds {unknown}
 g - 3 potions of agility
 h - 2 potions of cancellation
 i - 4 potions of flight
 r - a potion of brilliance
 x - 3 potions of lignification {unknown}
 A - a potion of ambrosia
Comestibles
 f - 8 rations {@e1}
 z - 11 chunks of flesh

Dungeon Overview and Level Annotations

Branches:
Dungeon (8/15)             Temple (0/1) D:6
   Lair: D:8-11

Altars:
Dithmenos
Kikubaaqudgha
Trog
Uskayaw
Wu Jian
Yredelemnul
Zin

Shops:
D:7

*%[*:
.........#
##o.# ∆
#..###
##.##.#
#†o#..##
#.#o...#
#.o....##
#..yy...#
∆
#...@...##
#........#
#^.......#
##...#####
#####


You could see an orc warrior, 2 killer bees and 2 orcs.


Message History

You miss the killer bee.
The orc shouts!
Your bite misses the killer bee.
You feel sick.
You hear an angry buzzing noise.
The killer bee closely misses you. The killer bee stings you.
The killer bee barely misses you. The killer bee stings you.
You completely miss the killer bee.
You feel sick. The killer bee closely misses you. The killer bee stings you.
The orc warrior barely misses you.
An ogre comes into view. It is wielding a +0 giant club.
The killer bee stings you.
You are more poisoned.
The killer bee poisons you! The killer bee closely misses you.
You feel sick. The killer bee closely misses you. The killer bee stings you!
* * * LOW HITPOINT WARNING * * *
You are more poisoned.
The killer bee poisons you! The killer bee barely misses you.
You feel sick. The killer bee barely misses you.
You feel sick.
The killer bee stings you but does no damage.
You feel sick. The killer bee stings you!
* * * LOW HITPOINT WARNING * * *
You are lethally poisoned!
The killer bee poisons you!
There is a stone staircase leading up, spattered with blood here.
* * * LOW HITPOINT WARNING * * *
You feel sick. The killer bee barely misses you. The killer bee misses you.
The killer bee closely misses you.
The orc warrior hits you from afar with a +0 halberd!!
You die...

Skill      XL: |  1  2  3  4  5  6  7  8  9 |
---------------+----------------------------+-----
Invocations    | 1 2 3 4 |  4.9
Short Blades   | 1 2 3 4 |  4.5
Long Blades    | 1 2 3 4 |  4.5
Axes           | 1 2 3 4 |  4.5
Maces & Flails | 1 2 3 4 |  4.5
Polearms       | 1 2 3 4 |  4.5
Staves         | 1 2 3 4 |  4.5
Slings         | 1 2 3 4 |  4.5
Bows           | 1 2 3 4 |  4.5
Crossbows      | 1 2 3 4 |  4.5
Throwing       | 1 2 3 4 |  4.5
Dodging        | 1 2 3 4 |  4.5
Spellcasting   | 1 2 3 4 |  4.5
Evocations     | 1 2 3 4 |  4.5
Conjurations   | 1 2 3 |  3.7
Hexes          | 1 2 3 |  3.7
Charms         | 1 2 3 |  3.7
Summonings     | 1 2 3 |  3.7
Necromancy     | 1 2 3 |  3.7
Translocations | 1 2 3 |  3.7
Transmutations | 1 2 3 |  3.7
Fire Magic     | 1 2 3 |  3.7
Ice Magic      | 1 2 3 |  3.7
Air Magic      | 1 2 3 |  3.7
Earth Magic    | 1 2 3 |  3.7
Poison Magic   | 1 2 3 |  3.7
Fighting       | 3 4 5 |  5.2
Shields        | 3 4 5 |  5.2
Armour         | 5 6 |  6.5
Stealth        | 5 6 |  6.2
Unarmed Combat | 9 |  9.6

Action                   |  1- 3 |  4- 6 |  7- 9 || total
-------------------------+-------+-------+-------++-------
Melee: Mace              |   131 |   190 |       ||   321
       Bite              |    11 |    19 |    38 ||    68
       Hunting sling     |     6 |       |       ||     6
       Punch             |     4 |     9 |    17 ||    30
       Unarmed           |       |     8 |   383 ||   391
 Fire: Hunting sling     |     1 |       |       ||     1
Evoke: Wand              |       |       |     7 ||     7
  Use: Scroll            |     2 |     1 |    10 ||    13
       Potion            |       |       |     1 ||     1
 Stab: Sleeping          |       |       |     6 ||     6
  Eat: Chunk             |     1 |     8 |     9 ||    18
       Ration            |       |       |     1 ||     1
Armor: Scale mail        |   136 |   125 |   104 ||   365
       Ring mail         |       |       |    22 ||    22
Dodge: Dodged            |   123 |   146 |   233 ||   502

Levels and vault maps discovered:
D:1:      doesnt_arrival_eight_statues, layout_rooms
D:2:      layout_basic, lemuel_crystal_altar, yredelemnul_altar_generic,
          first_ration, minmay_heptomino_o4
D:3:      layout_rooms, minmay_tree_intersection, kennysheep_generic_room_5,
          uniq_jessica, uniq_sigmund
D:4:      layout_basic, ebering_ghost_sewer_f
D:5:      layout_rooms, nicolae_overflow_crystal_walls, grunt_dithmenos_smoke,
          uniq_grinder
D:6:      minmay_thinvault, layout_rooms, nicolae_overflow_hidden_temple,
          kennysheep_mini, minmay_temple_entry_slanted
D:7:      layout_cave_pools, trog_eyes_of_draining,
          eat_drink_and_be_merry_uskayaw, serial_shops, shop, shop_statue, shop,
          nicolae_shop_window_shopping, nicolae_shop_trees,
          hangedman_decor_opposing
D:8:      layout_cave_pods, okawaru_metal_pillars_1_2, marbit_many_paths,
          hellmonk_ghost_happy_afterlife

Notes
Turn   | Place    | Note
-------+----------+-------------------------------------------
     0 | D:1      | AIAndy the Gnoll Wanderer began the quest for the Orb.
     0 | D:1      | AIAndy set off with the following items: a +0 mace, a +2
                  | scale mail, a potion of curing {@q1}, a +0 dagger, a ration
                  | {@e1}
     0 | D:1      | Reached XP level 1. HP: 17/17 MP: 1/1
    29 | D:1      | Reached XP level 2. HP: 14/23 MP: 2/2
   354 | D:1      | Reached XP level 3. HP: 17/28 MP: 3/3
   683 | D:1      | Reached skill level 1 in Invocations
   720 | D:2      | Found a basalt altar of Yredelemnul.
   747 | D:2      | Found a glowing silver altar of Zin.
   923 | D:2      | Reached skill level 1 in Short Blades
   923 | D:2      | Reached skill level 1 in Long Blades
   923 | D:2      | Reached skill level 1 in Axes
   923 | D:2      | Reached skill level 1 in Maces & Flails
   923 | D:2      | Reached skill level 1 in Polearms
   923 | D:2      | Reached skill level 1 in Staves
   923 | D:2      | Reached skill level 1 in Slings
   923 | D:2      | Reached skill level 1 in Bows
   923 | D:2      | Reached skill level 1 in Crossbows
   923 | D:2      | Reached skill level 1 in Throwing
   923 | D:2      | Reached skill level 1 in Dodging
   923 | D:2      | Reached skill level 1 in Spellcasting
   923 | D:2      | Reached skill level 1 in Evocations
   976 | D:2      | HP: 2/28 [bullfrog skeleton (5)]
  1281 | D:2      | Reached XP level 4. HP: 33/34 MP: 5/5
  1449 | D:2      | Reached skill level 1 in Conjurations
  1449 | D:2      | Reached skill level 1 in Hexes
  1449 | D:2      | Reached skill level 1 in Charms
  1449 | D:2      | Reached skill level 1 in Summonings
  1449 | D:2      | Reached skill level 1 in Necromancy
  1449 | D:2      | Reached skill level 1 in Translocations
  1449 | D:2      | Reached skill level 1 in Transmutations
  1449 | D:2      | Reached skill level 1 in Fire Magic
  1449 | D:2      | Reached skill level 1 in Ice Magic
  1449 | D:2      | Reached skill level 1 in Air Magic
  1449 | D:2      | Reached skill level 1 in Earth Magic
  1449 | D:2      | Reached skill level 1 in Poison Magic
  1727 | D:3      | Noticed Sigmund
  1792 | D:3      | Reached XP level 5. HP: 26/40 MP: 6/6
  1802 | D:3      | HP: 2/40 [something/puff of flame (13)]
  2216 | D:3      | HP: 1/40 [orc priest/divine providence (16)]
  2675 | D:3      | Noticed Jessica
  2679 | D:3      | Killed Jessica
  2679 | D:3      | Reached skill level 3 in Fighting
  2679 | D:3      | Reached skill level 3 in Shields
  2698 | D:3      | Killed Sigmund
  2698 | D:3      | Reached skill level 2 in Short Blades
  2698 | D:3      | Reached skill level 2 in Long Blades
  2698 | D:3      | Reached skill level 2 in Axes
  2698 | D:3      | Reached skill level 2 in Maces & Flails
  2698 | D:3      | Reached skill level 2 in Polearms
  2698 | D:3      | Reached skill level 2 in Staves
  2698 | D:3      | Reached skill level 2 in Slings
  2698 | D:3      | Reached skill level 2 in Bows
  2698 | D:3      | Reached skill level 2 in Crossbows
  2698 | D:3      | Reached skill level 2 in Throwing
  2698 | D:3      | Reached skill level 5 in Armour
  2698 | D:3      | Reached skill level 2 in Dodging
  2698 | D:3      | Reached skill level 2 in Spellcasting
  2698 | D:3      | Reached skill level 2 in Invocations
  2698 | D:3      | Reached skill level 2 in Evocations
  2698 | D:3      | Reached XP level 6. HP: 14/47 MP: 9/9
  3423 | D:4      | Found a runed translucent door.
  3678 | D:4      | Reached XP level 7. HP: 51/52 MP: 10/10
  3703 | D:4      | Noticed Conn's ghost (amateur OpCj)
  3722 | D:4      | Killed Conn's ghost
  3726 | D:4      | Reached skill level 2 in Conjurations
  3726 | D:4      | Reached skill level 2 in Hexes
  3726 | D:4      | Reached skill level 2 in Charms
  3726 | D:4      | Reached skill level 2 in Summonings
  3726 | D:4      | Reached skill level 2 in Necromancy
  3726 | D:4      | Reached skill level 2 in Translocations
  3726 | D:4      | Reached skill level 2 in Transmutations
  3726 | D:4      | Reached skill level 2 in Fire Magic
  3726 | D:4      | Reached skill level 2 in Ice Magic
  3726 | D:4      | Reached skill level 2 in Air Magic
  3726 | D:4      | Reached skill level 2 in Earth Magic
  3726 | D:4      | Reached skill level 2 in Poison Magic
  3736 | D:4      | HP: 3/52 [orc/+3 mace of draining (10)]
  3796 | D:4      | Found a runed translucent door.
  4482 | D:5      | Entered Level 5 of the Dungeon
  4506 | D:5      | Reached skill level 5 in Stealth
  4511 | D:5      | Reached skill level 9 in Unarmed Combat
  4560 | D:5      | Reached skill level 3 in Invocations
  4755 | D:5      | Found a shadowy altar of Dithmenos.
  4767 | D:5      | Became a worshipper of Dithmenos the Shadowed
  4796 | D:5      | Noticed Grinder
  4814 | D:5      | Reached XP level 8. HP: 35/60 MP: 12/12
  4823 | D:5      | Paralysed by Grinder for 5 turns
  4832 | D:5      | Paralysed by Grinder for 7 turns
  4842 | D:5      | Killed Grinder
  4842 | D:5      | Reached skill level 4 in Fighting
  4842 | D:5      | Reached skill level 3 in Short Blades
  4842 | D:5      | Reached skill level 3 in Long Blades
  4842 | D:5      | Reached skill level 3 in Axes
  4842 | D:5      | Reached skill level 3 in Maces & Flails
  4842 | D:5      | Reached skill level 3 in Polearms
  4842 | D:5      | Reached skill level 3 in Staves
  4842 | D:5      | Reached skill level 3 in Slings
  4842 | D:5      | Reached skill level 3 in Bows
  4842 | D:5      | Reached skill level 3 in Crossbows
  4842 | D:5      | Reached skill level 3 in Throwing
  4842 | D:5      | Reached skill level 3 in Dodging
  4842 | D:5      | Reached skill level 4 in Shields
  4842 | D:5      | Reached skill level 3 in Spellcasting
  4842 | D:5      | Reached skill level 3 in Evocations
  5112 | D:5      | Found an ornate altar of the Wu Jian Council.
  5259 | D:6      | HP: 5/60 [orc priest/divine providence (13)]
  5783 | D:6      | Found an ancient bone altar of Kikubaaqudgha.
  5862 | D:6      | Reached skill level 3 in Conjurations
  5862 | D:6      | Reached skill level 3 in Hexes
  5862 | D:6      | Reached skill level 3 in Charms
  5862 | D:6      | Reached skill level 3 in Summonings
  5862 | D:6      | Reached skill level 3 in Necromancy
  5862 | D:6      | Reached skill level 3 in Translocations
  5862 | D:6      | Reached skill level 3 in Transmutations
  5862 | D:6      | Reached skill level 3 in Fire Magic
  5862 | D:6      | Reached skill level 3 in Ice Magic
  5862 | D:6      | Reached skill level 3 in Air Magic
  5862 | D:6      | Reached skill level 3 in Earth Magic
  5862 | D:6      | Reached skill level 3 in Poison Magic
  5862 | D:6      | Reached skill level 4 in Invocations
  5918 | D:6      | Found a staircase to the Ecumenical Temple.
  5947 | D:6      | Reached * piety under Dithmenos
  5974 | D:6      | Reached skill level 6 in Armour
  5974 | D:6      | Reached XP level 9. HP: 51/66 MP: 14/14
  6298 | D:6      | Reached skill level 4 in Short Blades
  6298 | D:6      | Reached skill level 4 in Long Blades
  6298 | D:6      | Reached skill level 4 in Axes
  6298 | D:6      | Reached skill level 4 in Maces & Flails
  6298 | D:6      | Reached skill level 4 in Polearms
  6298 | D:6      | Reached skill level 4 in Staves
  6298 | D:6      | Reached skill level 4 in Slings
  6298 | D:6      | Reached skill level 4 in Bows
  6298 | D:6      | Reached skill level 4 in Crossbows
  6298 | D:6      | Reached skill level 4 in Throwing
  6298 | D:6      | Reached skill level 4 in Dodging
  6298 | D:6      | Reached skill level 4 in Spellcasting
  6298 | D:6      | Reached skill level 4 in Evocations
  6365 | D:7      | Found Omihar's General Store.
  6453 | D:7      | Found Joureme's Antique Armour Boutique.
  6666 | D:7      | Bought a blackened ring mail for 306 gold pieces
  6666 | D:7      | Identified the +1 ring mail of Okkurit {*Corrode Str+8
                  | Int-3} (You bought it in a shop on level 7 of the Dungeon)
  6696 | D:7      | Reached skill level 5 in Fighting
  6696 | D:7      | Reached skill level 6 in Stealth
  6696 | D:7      | Reached skill level 5 in Shields
  6712 | D:7      | Found a hide-covered altar of Uskayaw.
  6902 | D:7      | Found Pihoa's Food Boutique.
  6941 | D:7      | Found Miluqont's General Store.
  7084 | D:7      | Found Jenor's Book Emporium.
  7154 | D:7      | Found a bloodstained altar of Trog.
  7170 | D:7      | Reached ** piety under Dithmenos
  7271 | D:8      | Slain by an orc warrior

Vanquished Creatures
  Grinder (D:5)
  Sigmund (D:3)
  The ghost of Conn the Conjurer, an amateur OpCj (D:4)
  An orc warrior (D:7)
  2 eyes of draining (D:7)
  2 ogres
  3 centaurs
  2 bullfrogs (D:6)
  A wyvern skeleton (D:6)
  4 killer bees
  4 howler monkeys
  3 crimson imps
  A bullfrog zombie (D:5)
  3 orc priests
  A bullfrog skeleton (D:2)
  5 jellies
  11 orc wizards
  2 gnoll shamans (D:6)
  Jessica (D:3)
  An iguana (D:7)
  5 worker ants
  2 worker ant zombies
  8 gnolls
  5 adders
  2 oozes
  2 adder skeletons
  3 worms
  A dart slug (D:1)
  7 leopard geckos
  15 orcs
  3 giant cockroaches
  11 goblins
  13 hobgoblins
  12 jackals
  3 quokkas
  3 ball pythons
  10 bats
  2 frilled lizards (D:2)
  2 jackal skeletons
  11 kobolds
  2 quokka zombies
  8 rats
180 creatures vanquished.

Table legend:
 A = Turns spent in this place as a percentage of turns spent in the entire game.
 B = Non-inter-level travel turns spent in this place as a percentage of non-inter-level travel turns spent in the entire game.
 C = Inter-level travel turns spent in this place as a percentage of turns spent in this place.
 D = Turns resting spent in this place as a percentage of non-inter-level travel turns spent in this place.
 E = Turns spent auto-exploring this place as a percentage of non-inter-level travel turns spent in this place.
 F = Non-inter-level travel turns spent in this place divided by the number of levels of this place that you've seen.
                   A       B       C       D       E      F
               +-------+-------+-------+-------+-------+----------------------
         Total | 100.0 | 100.0 |   2.9 |  36.8 |  41.7 | 882.1
       Dungeon | 100.0 | 100.0 |   2.9 |  36.8 |  41.7 | 882.1
               +-------+-------+-------+-------+-------+----------------------

Table legend:
 A = Non-vault XP
 B = Vault XP
 C = Vault XP percentage of total XP
 D = Non-vault monster count
 E = Vault monster count
 F = Vault count percentage of total count
                 A         B        C        D         E       F
            +---------+---------+-------+---------+---------+-------
      Total |    2827 |    1311 |  31.7 |     153 |      27 |  15.0
            +---------+---------+-------+---------+---------+-------
        D:1 |      59 |       0 |   0.0 |      28 |       0 |   0.0
        D:2 |      93 |       6 |   6.1 |      25 |       4 |  13.8
        D:3 |     129 |     279 |  68.4 |      26 |       4 |  13.3
        D:4 |     232 |     170 |  42.3 |       8 |       3 |  27.3
        D:5 |     401 |     295 |  42.4 |      18 |       1 |   5.3
        D:6 |     911 |     301 |  24.8 |      27 |      11 |  28.9
        D:7 |     939 |     260 |  21.7 |      20 |       4 |  16.7
        D:8 |      63 |       0 |   0.0 |       1 |       0 |   0.0
            +---------+---------+-------+---------+---------+-------
